Map: Sludge City

Players

Amix - Winner!

  • Race: Zerg Zerg
  • Spawn Location: 5:00

nickfour - Winner!

  • Race: Terran Terran
  • Spawn Location: 5:00

A.I. 2 (Easy)

  • Race: Zerg Zerg
  • Spawn Location: 11:00

A.I. 3 (Easy)

  • Race: Terran Terran
  • Spawn Location: 9:00

VOD

Have the link to the VOD?

Description

Time

  • Played on: Nov. 26, 2016, 3:53 a.m.
  • Length: 9:03
Show
View Real Time Build Order
Export as new Build Order

Amix Zerg - Winner!

Build Orders: Pool First 

Get SALT Encoding   

  12  0:01  Drone  
  13  0:22  Spawning Pool  
  13  0:26  Drone  
  13  0:30  Drone  
  13  0:34  Extractor  
  13  0:37  Drone  
  14  0:55  Overlord  
  14  1:04  Extractor  
  14  1:05  Drone  
  15  1:14  Zergling x4  
  15  1:18  Queen  
  19  1:21  Zergling x2  
  20  1:31  Overlord  
  20  1:40  Metabolic Boost  
  20  1:43  Zergling x2  
  21  1:52  Zergling x2  
  22  1:59  Baneling Nest  
  21  2:04  Zergling x2  
  22  2:19  Zergling x2  
  23  2:26  Drone x3  
  23  2:27  Evolution Chamber  
  25  2:38  Zergling x2  
  26  2:45  Baneling  
  26  2:46  Baneling x3  
  26  2:49  Zergling x2  
  21  3:20  Baneling x2  
  21  3:22  Zergling x6  
  21  3:26  Zerg Melee Weapons Level 1  
  23  3:28  Zergling x2  
  23  3:29  Queen  
  24  3:49  Zergling x4  
  23  4:19  Zergling x2  
  23  4:20  Zergling x4  
  23  4:35  Zergling x4  
  23  4:36  Zergling x4  
  23  4:37  Hatchery  
  26  4:46  Lair  
  26  5:05  Baneling x4  
  25  5:10  Zergling x6  
  25  5:11  Zergling x2  
  25  5:33  Zergling x8  
  28  5:41  Drone  
  26  6:14  Zergling x14  
  32  6:19  Zerg Ground Armor Level 1  
  32  6:21  Drone x3  
  35  6:49  Drone  
  35  6:50  Overlord x3  
  36  7:03  Overlord  
  36  7:04  Overlord x2  
  35  7:13  Unknown  
  27  7:24  Zergling x12  
  27  7:26  Zergling x2  
  33  7:36  Baneling x3  
  33  7:37  Queen  
  35  7:45  Drone x4  
  38  8:00  Zergling x10  
  42  8:14  Zergling x10  
  42  8:15  Zergling x2  
Show
View Real Time Build Order
Export as new Build Order

nickfour Terran - Winner!

Build Orders:  

Get SALT Encoding   

  12  0:01  SCV  
  13  0:23  SCV, Supply Depot  
  14  0:35  SCV  
  15  0:45  Barracks  
  15  0:47  SCV  
  15  0:49  Refinery  
  16  0:59  SCV  
  17  1:11  SCV  
  18  1:20  Barracks  
  18  1:23  SCV  
  19  1:33  Supply Depot  
  19  1:36  SCV  
  20  1:43  Barracks Reactor  
  20  2:00  Refinery  
  20  2:01  Orbital Command  
  20  2:11  Engineering Bay  
  20  2:16  Barracks Tech Lab  
  20  2:22  Marine  
  20  2:23  Marine  
  22  2:32  SCV  
  23  2:39  Marauder  
  23  2:40  Marine x2  
  27  2:44  SCV  
  28  2:56  SCV  
  29  3:00  Marauder  
  31  3:13  Supply Depot  
  31  3:22  Terran Infantry Weapons Level 1  
  31  3:35  Marine x3  
  31  3:36  Supply Depot  
  34  3:43  Supply Depot  
  34  3:52  Marine  
  34  3:53  Marauder  
  37  3:56  Marine  
  37  3:59  Supply Depot  
  38  4:05  Supply Depot  
  38  4:10  Marine  
  38  4:14  Marine, Marauder  
  42  4:28  Marine  
  43  4:31  Marine  
  43  4:36  Marauder  
  46  4:46  Marine  
  46  4:49  Marine  
  48  4:57  Marauder  
  46  5:04  Command Center  
  39  5:16  Terran Infantry Armor Level 1  
  39  5:19  Marauder, Marine  
  39  5:20  Marine  
  43  5:23  SCV  
  44  5:35  SCV  
  45  5:37  Marine  
  45  5:40  Marauder, Factory  
  48  5:47  SCV  
  49  5:59  SCV  
  49  6:01  Marauder  
  52  6:04  Refinery  
  52  6:10  Marine x2  
  54  6:11  SCV  
  55  6:19  Refinery  
  55  6:23  SCV  
  56  6:27  Marine  
  56  6:28  Marine  
  56  6:30  Orbital Command  
  58  6:35  SCV  
  59  6:41  Factory Tech Lab  
  59  6:48  SCV  
  59  6:50  Armory  
  60  7:00  SCV  
  61  7:03  SCV  
  62  7:12  SCV  
  63  7:16  SCV  
  64  7:23  Siege Tank  
  64  7:24  SCV  
  64  7:26  Marauder  
  64  7:27  Marine x2  
  64  7:28  SCV  
  73  7:36  SCV  
  74  7:40  SCV  
  75  7:45  Marine x2  
  75  7:47  Marauder  
  75  7:48  SCV  
  80  7:52  SCV  
  80  7:55  Siege Tank  
  84  8:02  Marine  
  84  8:03  Marine  
  84  8:04  SCV  
  87  8:09  Marauder  
  89  8:20  Marine x2  
  91  8:30  Marauder  
  93  8:38  Marine  
Show
View Real Time Build Order
Export as new Build Order

A.I. 2 (Easy) Zerg 

Build Orders: Pool First 

Get SALT Encoding   

  12  0:01  Drone  
  13  0:13  Overlord  
  13  0:18  Drone  
  14  0:31  Drone  
  14  0:35  Drone  
  16  0:43  Spawning Pool  
  16  0:46  Drone  
  16  0:48  Extractor  
  15  0:52  Drone  
  16  1:00  Overlord  
  16  1:30  Zergling x2  
  16  1:32  Queen  
  17  1:35  Roach Warren, Extractor  
  17  1:39  Drone  
  18  1:41  Zergling x2  
  18  1:44  Drone  
  20  2:09  Overlord  
  20  2:14  Roach  
  22  2:21  Drone  
  23  2:26  Roach  
  25  2:34  Drone  
  26  2:39  Drone, Roach  
  26  2:43  Drone  
  30  2:48  Drone  
  31  2:57  Drone  
  32  3:07  Overlord  
  32  3:11  Zergling x2  
  31  3:22  Zergling x2  
  32  3:46  Zergling x2  
  32  3:47  Drone  
  25  3:51  Drone  
  27  3:55  Drone  
  27  3:58  Zergling x2  
  27  4:00  Drone  
  29  4:05  Drone  
  30  4:16  Drone  
  31  4:20  Drone  
  32  4:54  Zergling x2  
  27  5:05  Queen  
  27  5:06  Zergling x2  
  26  5:12  Drone, Overlord  
  27  5:16  Drone  
  27  5:20  Roach  
  27  5:21  Drone  
  31  5:25  Drone  
  32  5:34  Zergling x2  
  33  5:43  Lair  
  33  5:50  Hatchery  
  33  5:51  Drone, Roach  
  35  6:09  Roach  
  34  6:26  Roach  
  36  6:41  Overseer  
  36  6:42  Drone, Hydralisk Den, Overseer  
  36  6:43  Zergling x2  
  37  7:03  Drone  
  37  7:07  Drone  
  39  7:10  Hydralisk  
  39  7:12  Drone  
  39  7:16  Drone  
  39  7:20  Drone  
  37  7:25  Drone  
  37  7:28  Zergling x2  
  37  7:29  Drone  
  38  7:33  Drone  
  36  7:38  Drone  
  36  7:42  Drone  
  34  7:46  Drone  
  34  7:50  Drone  
  35  7:58  Drone  
  34  8:03  Drone, Overlord, Overseer, Zergling x2  
  34  8:10  Queen  
  31  8:17  Zergling x2  
  28  8:30  Drone  
  28  8:31  Overlord  
  28  8:32  Overseer  
  28  8:35  Drone  
  28  8:39  Drone  
  26  8:48  Spawning Pool  
Show
View Real Time Build Order
Export as new Build Order

A.I. 3 (Easy) Terran 

Build Orders:  

Get SALT Encoding   

  12  0:01  SCV  
  13  0:13  SCV  
  14  0:19  Supply Depot  
  14  0:25  SCV  
  15  0:40  SCV  
  16  0:43  Barracks  
  16  0:45  Refinery  
  16  1:11  Supply Depot  
  16  1:21  Refinery  
  16  1:31  Marine  
  17  1:33  Orbital Command  
  17  1:49  Barracks Tech Lab  
  17  2:08  Marauder  
  19  2:12  Supply Depot  
  19  2:16  SCV  
  20  2:28  SCV  
  21  2:32  Marine  
  22  2:40  SCV  
  23  2:52  SCV  
  23  2:57  Marine  
  25  3:04  SCV  
  26  3:17  SCV  
  27  3:23  Marauder  
  29  3:47  Marine  
  30  4:13  Marauder  
  32  5:07  Marine  
  31  5:27  SCV  
  30  5:32  Marine  
  31  5:40  SCV  
  32  7:02  Marine, SCV  
  32  7:04  Supply Depot  
  34  7:08  Command Center  
  34  7:12  Factory  
  34  7:14  SCV  
  34  7:20  Marine  
  30  7:29  Supply Depot  
  26  7:38  Marine  
  27  7:56  Marauder  
  29  8:06  Hellion  
  30  8:14  Starport  
  30  8:21  Marine, SCV  
  30  8:26  SCV  
  26  8:33  SCV  
  18  8:35  Hellion  
  15  8:38  SCV  
Tags
 
Add a new tag
Caveats
  • Supply blocks, unpowered buildings, or Contaminate may cause inaccurate times.
  • Supply counts are checked every 10 seconds.